 Dungeon Crawl Stone Soup version 0.31-a0-256-g80acddb972 (webtiles) character file.

Game seed: 1673908303897940098

60 Essalna the Changeling (level 3, 0/16 HPs)
             Began as a Draconian Shapeshifter on July 13, 2023.
             Succumbed to an adder's poison
             ... on level 2 of the Dungeon.
             The game lasted 00:03:11 (1002 turns).

Essalna the Changeling (Draconian Shapeshifter)     Turns: 1002, Time: 00:03:12

Health: 0/16       AC:  8    Str: 24    XL:     3   Next: 82%
Magic:  3/3        EV: 10    Int:  8    God:
Gold:   132        SH:  0    Dex: 11    Spells: 2/2 levels left

rFire   . .          .
                       - Unarmed
rCold   . . .        (shield currently unavailable)
rNeg    . . .        (body armour unavailable)
rPois   .            (helmet currently unavailable)
rElec   .            (cloak currently unavailable)
rCorr   .            (gloves currently unavailable)
SInv    .            (boots currently unavailable)
Will    .....        e - amulet of magic regeneration
Stlth   +            (no ring)
HPRegen 0.22/turn    (no ring)
MPRegen 0.48/turn

%: no passive effects
@: lethally poisoned (0 -> -3), snake-form
A: constrict, amphibious, reduced hp, AC +5, large, unfitting armour,
(cold-blooded)
a: no special abilities


You were on level 2 of the Dungeon.
You were an enormous anaconda.
You visited 1 branch of the dungeon, and saw 2 of its levels.

You collected 132 gold pieces.

Inventory:

Jewellery
 e - an amulet of magic regeneration (around neck)
Talismans
 b - a beast talisman
 l - a beast talisman
 m - a serpent talisman
Scrolls
 f - a scroll of blinking
 k - 4 scrolls of teleportation
Potions
 a - a potion of lignification
 c - a potion of brilliance {unknown}
 d - a potion of curing {unknown}
 g - a potion of degeneration {unknown}
 i - a potion of enlightenment {unknown}
 j - a potion of heal wounds {unknown}
 n - a potion of mutation {unknown}


   Skills:
 + Level 3.0 Fighting
 + Level 2.4 Dodging
 + Level 2.6 Unarmed Combat
 + Level 3.3 Shapeshifting


You had 2 spell levels left.
You didn't know any spells.
Your spell library contained the following spells:

 Spells                   Type           Power      Damage    Failure   Level
 Cigotuvi's Dreadful Rot  Necr/Pois/Air  0%         N/A       97%         2
 Dispel Undead            Necr           0%         3d6       100%        4
 Death Channel            Necr           0%         N/A       100%        6


Dungeon Overview and Level Annotations

Branches:
Dungeon (2/15)

Altars:

Shops:
D:2 :


Innate Abilities, Weirdness & Mutations

You are an enormous anaconda.
You have a powerful constriction melee attack.
You are amphibious.
Your maximum health is decreased, since you lack skill for your form.
Your spellcasting is less reliable in this form.
Your armour is entirely melded.
You are incapable of wielding weapons or throwing items.
((Your plain brown scales are hard. (AC +5)))
You cannot fit into any form of body armour.
((You are cold-blooded and may be slowed by cold attacks.))


Message History

You feel sick. The adder bites you but does no damage. The adder bites you.
You are lethally poisoned!
The adder poisons you!
You barely miss the adder. You grab the adder.
The adder is moderately wounded.
You constrict the adder.
You feel sick. The adder bites you but does no damage.
The adder closely misses you. The adder barely misses you. x2
You hit the adder.
The adder is almost dead.
You constrict the adder.
You kill the adder!
You feel sick. The adder barely misses you.
Your Fighting skill increases to level 3!
Lash: -) Nothing wielded
Press: ? - help, Dir - move target, f - adder
Aim: an adder (about 62% to evade your hands)
You miss the adder. Your grab misses the adder.
* * * LOW HITPOINT WARNING * * *
You feel sick. The adder bites you but does no damage.
Lash: -) Nothing wielded
Press: ? - help, Dir - move target, f/p - adder
Aim: an adder (about 62% to evade your hands)
You hit the adder. Your grab misses the adder.
The adder is heavily wounded.
* * * LOW HITPOINT WARNING * * *
You feel sick. The adder closely misses you.
Lash: -) Nothing wielded
Press: ? - help, Dir - move target, f/p - adder
Aim: an adder (heavily wounded, about 62% to evade your hands)
You miss the adder. You grab the adder.
The adder is heavily wounded.
You constrict the adder.
* * * LOW HITPOINT WARNING * * *
You feel sick. The adder bites you.
* * * LOW HITPOINT WARNING * * *
The adder closely misses you.
Okay, then.
It was a potion of magic.
Magic courses through your body.
You constrict the adder.
You die...

##########..#
#.....#.....#
##........#.##
#...........#
...##......##
......##..##############
..##.###..# #..........#
.....##...# #..........#
######..#.###.!.S......#
#####..........†.S.....#
.......###.##..........#
.#####.# #.##.......<..#
## #.# #..#..........#
######.# ##.############
#..).#.# #.###########
#....#.# #.##........#
#......# #.##†.......#


You could see an adder.

Vanquished Creatures
  A hound (D:2)
  An adder (D:2)
  2 endoplasms (D:1)
  A giant cockroach (D:1)
  A goblin (D:2)
  3 hobgoblins (D:1)
  3 ball pythons
  4 bats
  A frilled lizard (D:1)
  4 kobolds
  3 rats
24 creatures vanquished.

Notes
Turn   | Place    | Note
-------+----------+-------------------------------------------
     0 | D:1      | Essalna the Draconian Shapeshifter began the quest for the
                  | Orb.
     0 | D:1      | Reached XP level 1. HP: 17/17 MP: 1/1
    28 | D:1      | You fall into a shaft and drop 1 floor!
    83 | D:2      | Noticed a hound
   107 | D:2      | Killed a hound
   108 | D:2      | Reached XP level 2. HP: 9/25 MP: 2/2
   108 | D:2      | Reached XP level 3. HP: 11/30 MP: 3/3
   774 | D:2      | Found Xiblag's Book Shop.
  1002 | D:2      | Succumbed to an adder's poison

Illustrated notes

Levels and vault maps discovered:
D:1:      tarquinn_simple_flora_water_c, layout_basic
D:2:      layout_rooms, serial_shops, shop, minmay_goblin_kobold_house,
          uniq_crazy_yiuf_cottage

Skill      XL: |  1  2  3 |
---------------+----------+-----
Dodging        | 2 |  2.4
Fighting       | 3 |  3.0
Unarmed Combat | |  2.6
Shapeshifting  | |  3.3

Action                     || total
---------------------------++-------
  Melee: Unarmed           ||    52
         Tailslap          ||     1
         Constrict         ||     2
    Use: Scroll            ||     5
         Potion            ||     1
   Stab: Sleeping          ||     1
 Armour: Skin              ||    14
  Dodge: Dodged            ||    27
   Form: Anaconda          ||     1

Table legend: (Time is in decaauts)
 A = Elapsed time spent in this place.
 B = Non-inter-level travel time spent in this place.
 C = Inter-level travel time spent in this place.
 D = Time resting spent in this place.
 E = Time spent auto-exploring this place.
 F = Levels seen in this place.
 G = Mean time per level.
                   A        B        C        D        E       F      G
               +--------+--------+--------+--------+--------+-----+--------+
         Total |   1001 |    964 |     37 |      0 |    787 |   2 |  500.5 |
       Dungeon |   1001 |    964 |     37 |      0 |    787 |   2 |  500.5 |
               +--------+--------+--------+--------+--------+-----+--------+

Top non-repeatable levels by time:
     D:1: 556 daAuts
     D:2: 445 daAuts
